 Dungeon Crawl Stone Soup version 0.21-a0-513-gdcb3f5e (webtiles) character file.

2494 Glaeka the Zephyrmancer (level 9, -6/48 HPs)
             Began as a Deep Elf Air Elementalist on Dec 2, 2017.
             Was a Priest of Nemelex Xobeh.
             Mangled by a steam dragon (8 damage)
             ... on level 8 of the Dungeon on Dec 3, 2017.
             The game lasted 00:37:57 (4262 turns).

Glaeka the Zephyrmancer (Deep Elf Air Elementalist) Turns: 4262, Time: 00:37:59

Health: -6/48      AC:  8    Str:  5    XL:     9   Next: 28%
Magic:  19/22      EV:  9    Int: 26    God:    Nemelex Xobeh [***...]
Gold:   393        SH:  4    Dex: 19    Spells: 14/23 levels left

rFire    . . .     SeeInvis .   a - +0 long sword
rCold    . . .     Gourm    .   M - +0 buckler
rNeg     . . .     Faith    .   v - +1 ring mail of Miracles {rPois Regen+ Int+2}
rPois    +         Spirit   .   D - +0 helmet
rElec    .         Reflect  .   (no cloak)
rCorr    .         Harm     .   (no gloves)
MR       .....                  d - -1 pair of boots
Stlth    ++........             (no amulet)
HPRegen  0.56/turn              r - +4 ring of dexterity
MPRegen  0.18/turn              (no ring)

@: no status effects
A: no striking features
a: Triple Draw, Renounce Religion


You were on level 8 of the Dungeon.
You worshipped Nemelex Xobeh.
Nemelex Xobeh was most pleased with you.
You were not hungry.

You visited 1 branch of the dungeon, and saw 8 of its levels.

You collected 393 gold pieces.

Inventory:

Hand Weapons
 a - a +0 long sword (weapon)
Missiles
 e - 26 poisoned needles
 C - 5 tomahawks of returning
 H - 2 tomahawks (quivered)
Armour
 d - a -1 pair of boots (worn)
 v - the +1 ring mail of Miracles (worn) {rPois Regen+ Int+2}
   (You found it on level 4 of the Dungeon)

   It affects your intelligence (+2).
   It protects you from poison.
   It increases your rate of regeneration.
 D - a +0 helmet (worn)
 M - a +0 buckler (worn)
Jewellery
 r - a +4 ring of dexterity (left hand)
 A - a +4 ring of strength {unknown}
Wands
 s - a wand of clouds (5)
 y - a wand of disintegration (10)
 G - a wand of polymorph (13)
 K - a wand of scattershot (5)
Scrolls
 f - 4 scrolls of identify
 g - 2 scrolls of teleportation {unknown}
 j - 2 scrolls of blinking {unknown}
 k - a scroll of enchant armour {unknown}
 l - 3 scrolls of remove curse
 n - 2 scrolls of fear {unknown}
 o - 4 scrolls of immolation
 p - 2 scrolls of fog {unknown}
 w - 2 scrolls of random uselessness {unknown}
 B - 2 scrolls of amnesia {unknown}
 L - a scroll of silence {unknown}
Potions
 h - 3 potions of might
 i - 2 potions of lignification
 q - 2 potions of brilliance
 z - 2 potions of haste
Books
 b - a book of Air

   Spells                             Type                      Level
   a - Shock                          Conjuration/Air              1
   b - Swiftness                      Charms/Air                   2
   c - Static Discharge               Conjuration/Air              3
   d - Airstrike                      Air                          4
   e - Lightning Bolt                 Conjuration/Air              5
 J - a Young Poisoner's Handbook

   Spells                             Type                      Level
   a - Sting                          Conjuration/Poison           1
   b - Poisonous Vapours              Poison/Air                   2
   c - Mephitic Cloud                 Conjuration/Poison/Air       3
   d - Olgreb's Toxic Radiance        Poison                       4
   e - Venom Bolt                     Conjuration/Poison           5
Miscellaneous
 m - a plain deck of destruction {drawn: 9}
 t - a plain deck of destruction
 x - a plain deck of escape
 E - a legendary deck of summoning
 I - an ornate deck of summoning
Comestibles
 c - 3 bread rations


   Skills:
 + Level 2.0 Fighting
 + Level 3.3 Long Blades
 + Level 1.5 Throwing
 + Level 3.2 Armour
 - Level 2.4 Dodging
 + Level 3.3 Stealth
 + Level 7.8 Spellcasting
 + Level 5.3 Conjurations
 * Level 8.0 Air Magic
 + Level 0.8 Invocations


You had 14 spell levels left.
You knew the following spells:

 Your Spells              Type           Power        Failure   Level  Hunger
a - Shock                 Conj/Air       ####         2%          1    None
b - Swiftness             Chrm/Air       ####....     12%         2    None
c - Static Discharge      Conj/Air       #####...     8%          3    None
d - Mephitic Cloud        Conj/Pois/Air  ####....     21%         3    None


Dungeon Overview and Level Annotations

Branches:
Dungeon (8/15)
 Temple: D:4-7         Lair: D:8-11

Altars:
Fedhas
Nemelex Xobeh
Yredelemnul

Annotations:
D:7 Joseph


Message History

Aiming: Shock
Press: ? - help, Shift-Dir - straight line, p - steam dragon The zap hits the steam dragon.
The steam dragon is moderately wounded.
The zap hits the steam dragon.
The steam dragon is heavily wounded.
The steam dragon bites you!
* * * LOW HITPOINT WARNING * * *
The steam dragon closely misses you.
Casting: Shock
Confirm with . or Enter, or press ? or * to list all spells.
Aiming: Shock
Press: ? - help, Shift-Dir - straight line The zap hits the steam dragon.
The steam dragon is severely wounded.
The zap hits the steam dragon.
The steam dragon appears unharmed.
The steam dragon is severely wounded.
The steam dragon bites you!
You die...
Your body glows with a rainbow of weird colours and disappears.

#..# #..# ####..#
...<..## ####...## .#
##.....#########.# #.
.# #................#
### #.#.#
##.....###.#.#####.#
##.## .#.#
.......###.###..@...#
##.#.##....
####......##
##D#######.###.##...
#####.##
##.......†..##.....
#.....##
##.######...........
#.####.###.##
#.#...##.... #.#
##.#..# #.##.####...
#####.#####..#.#
#.#§.# ##..
.............#.#
#.#§## ###
####..####..#..#
#.#.#


You could see a steam dragon.

Vanquished Creatures
  The ghost of Glaeka the Zephyrmancer, a novice TeAE (D:6)
  Prince Ribbit (D:6)
  An orc warrior (D:6)
  A slave (D:8)
  2 phantoms
  2 ogres
  A sky beast (D:5)
  An ice beast (D:6)
  A bullfrog (D:7)
  2 scorpions (D:6)
  A crimson imp (D:5)
  4 hounds
  3 bullfrog skeletons
  3 orc priests
  A gnoll shaman (D:6)
  An orc wizard (D:6)
  An iguana (D:7)
  4 worker ants
  A hound zombie (D:6)
  2 hound skeletons
  2 worker ant zombies
  3 gnolls (D:6)
  9 adders
  A shadow imp (D:6)
  An ooze (D:2)
  An adder skeleton (D:5)
  2 worms
  4 dart slugs
  5 leopard geckos
  12 orcs
  8 giant cockroaches
  8 goblins
  4 hobgoblins
  4 jackals (D:3)
  2 quokkas
  A ball python (D:6)
  8 bats
  5 frilled lizards
  A giant cockroach zombie (D:6)
  7 kobolds
  A leopard gecko zombie (D:5)
  7 rats
130 creatures vanquished.

Vanquished Creatures (collateral kills)
  Pikel (D:8)
  An orc warrior (D:6)
  Blork the orc (D:6)
  2 orc priests (D:6)
  An orc wizard (D:6)
6 creatures vanquished.

Grand Total: 136 creatures vanquished

Notes
Turn   | Place    | Note
-------+----------+-------------------------------------------
     0 | D:1      | Glaeka the Deep Elf Air Elementalist began the quest for the Orb.
     0 | D:1      | Reached XP level 1. HP: 10/10 MP: 6/6
   158 | D:1      | Reached XP level 2. HP: 5/15 MP: 1/8
   162 | D:1      | Learned a level 2 spell: Swiftness
   434 | D:1      | Reached XP level 3. HP: 17/19 MP: 6/10
   439 | D:1      | Learned a level 3 spell: Static Discharge
   511 | D:2      | Found a sparkling altar of Nemelex Xobeh.
   527 | D:2      | Became a worshipper of Nemelex Xobeh the Trickster
   575 | D:2      | Reached skill level 4 in Air Magic
   601 | D:2      | Received a gift from Nemelex Xobeh
   858 | D:3      | Reached XP level 4. HP: 22/24 MP: 11/11
   947 | D:3      | Received a gift from Nemelex Xobeh
  1082 | D:3      | Reached * piety under Nemelex Xobeh
  1223 | D:3      | Found a basalt altar of Yredelemnul.
  1324 | D:3      | Found a blossoming altar of Fedhas.
  1668 | D:4      | Reached XP level 5. HP: 28/28 MP: 7/13
  1722 | D:4      | Got an ichor-stained ring mail
  1728 | D:4      | Identified the cursed +1 ring mail of Miracles {rPois Regen+ Int+2} (You found it on level 4 of the Dungeon)
  1781 | D:4      | Reached skill level 5 in Air Magic
  2038 | D:4      | Noticed an ogre
  2047 | D:4      | Killed an ogre
  2047 | D:4      | Reached skill level 1 in Armour
  2047 | D:4      | Reached skill level 5 in Spellcasting
  2047 | D:4      | Reached XP level 6. HP: 33/33 MP: 11/15
  2198 | D:5      | Entered Level 5 of the Dungeon
  2237 | D:5      | Reached ** piety under Nemelex Xobeh
  2293 | D:5      | Noticed a sky beast
  2299 | D:5      | Killed a sky beast
  2299 | D:5      | Reached skill level 1 in Fighting
  2316 | D:5      | Received a gift from Nemelex Xobeh
  2333 | D:5      | Reached XP level 7. HP: 38/38 MP: 11/16
  2666 | D:5      | Reached skill level 6 in Air Magic
  2991 | D:6      | Reached *** piety under Nemelex Xobeh
  3174 | D:6      | Received a gift from Nemelex Xobeh
  3197 | D:6      | Reached XP level 8. HP: 43/43 MP: 15/19
  3357 | D:6      | Reached skill level 1 in Long Blades
  3379 | D:6      | Noticed Blork the orc
  3386 | D:6      | Killed Blork the orc
  3386 | D:6      | Reached skill level 7 in Air Magic
  3395 | D:6      | Reached skill level 1 in Throwing
  3400 | D:6      | Noticed Prince Ribbit
  3409 | D:6      | Killed Prince Ribbit
  3767 | D:6      | Noticed Glaeka's ghost (novice TeAE)
  3780 | D:6      | Killed Glaeka's ghost
  3780 | D:6      | Reached skill level 5 in Conjurations
  3780 | D:6      | Reached XP level 9. HP: 38/48 MP: 13/22
  4060 | D:7      | Noticed Joseph
  4089 | D:8      | Received a gift from Nemelex Xobeh
  4141 | D:8      | Learned a level 3 spell: Mephitic Cloud
  4169 | D:8      | Noticed Pikel
  4173 | D:8      | Killed Pikel
  4173 | D:8      | Reached skill level 8 in Air Magic
  4260 | D:8      | HP: 1/48 [steam dragon (9)]
  4262 | D:8      | Mangled by a steam dragon

Vault maps used:
D:1:      shiori_arrival_maze, serial_bayou_ford_a
D:2:      nemelex_xobeh_ov_fountains_minmay, first_bread
D:3:      lemuel_round_altar, fedhas_altar_4
D:6:      kennysheep_windowed_goal, uniq_blork_the_orc, uniq_prince_ribbit1
D:7:      minitemple, temple_statues, grunt_livestock, kennysheep_diamond,
          uniq_joseph
D:8:      special_room, glass_columns_a, serial_bayou_lagoon_b, uniq_pikel

Skill      XL: |  1  2  3  4  5  6  7  8  9 |
---------------+----------------------------+-----
Air Magic      | 4 5 6 7 8 |  8.0
Spellcasting   | 4 5 6 7 |  7.8
Stealth        | 3 |  3.3
Conjurations   | 2 3 4 5 |  5.3
Armour         | 1 2 3 |  3.2
Fighting       | 1 2 |  2.0
Long Blades    | 2 3 |  3.3
Throwing       | 1 |  1.5
Dodging        | |  2.4
Invocations    | |  0.8

Action                   |  1- 3 |  4- 6 |  7- 9 || total
-------------------------+-------+-------+-------++-------
Melee: Whip              |    52 |    48 |    15 ||   115
       Long sword        |       |       |    61 ||    61
Throw: Tomahawk          |       |     6 |    17 ||    23
 Cast: Shock             |    70 |    76 |   120 ||   266
       Swiftness         |     1 |       |       ||     1
       Static Discharge  |       |       |     1 ||     1
Evoke: Deck              |       |     4 |     5 ||     9
  Use: Scroll            |     1 |     3 |     3 ||     7
       Potion            |       |       |     1 ||     1
 Stab: Sleeping          |       |     2 |       ||     2
  Eat: Meat ration       |       |     1 |     1 ||     2
       Fruit             |       |     1 |       ||     1
Armor: Robe              |     8 |       |       ||     8
       Ring mail         |     2 |    35 |    39 ||    76
Dodge: Dodged            |    39 |    30 |    72 ||   141
       Rpst.: Long sword |       |       |    14 ||    14

Table legend:
 A = Spawn XP
 B = Non-spawn XP
 C = Spawn XP percentage of total XP
 D = Spawn monster count
 E = Non-spawn monster count
 F = Spawn count percentage of total count
 G = Total turns spent on level
                    A         B        C        D         E        F      G
               +---------+---------+-------+---------+---------+-------+---------
         Total |       0 |    3563 |   0.0 |       0 |     135 |   0.0 |  4262
               +---------+---------+-------+---------+---------+-------+---------
           D:1 |       0 |      44 |   0.0 |       0 |      24 |   0.0 |   457
           D:2 |       0 |      52 |   0.0 |       0 |      17 |   0.0 |   397
           D:3 |       0 |      80 |   0.0 |       0 |      21 |   0.0 |   722
           D:4 |       0 |     341 |   0.0 |       0 |      18 |   0.0 |   622
           D:5 |       0 |     468 |   0.0 |       0 |      11 |   0.0 |   744
           D:6 |       0 |    1866 |   0.0 |       0 |      37 |   0.0 |  1054
           D:7 |       0 |     200 |   0.0 |       0 |       4 |   0.0 |    93
           D:8 |       0 |     512 |   0.0 |       0 |       3 |   0.0 |   173
               +---------+---------+-------+---------+---------+-------+---------
